 Dungeon Crawl Stone Soup version 0.18-a0-1180-g64ccc1e (webtiles) character file.

483 M4edhros the Sneak (level 7, -4/43 HPs)
             Began as an Octopode Artificer on Jan 27, 2016.
             Slain by a slave (9 damage)
             ... led by Pikel
             ... on level 5 of the Dungeon.
             The game lasted 00:06:28 (1960 turns).

M4edhros the Sneak (Octopode Artificer)             Turns: 1960, Time: 00:06:28

Health: -4/43      AC:  1    Str: 11    XL:     7   Next: 12%
Magic:  10/10      EV: 13    Int: 16    God:
Gold:   68         SH:  6    Dex: 12    Spells: 1 memorised, 0 levels left

rFire  + . .     SeeInvis .     m - +3 dagger
rCold  . . .     Gourm    .     B - +0 shield
rNeg   . . .     Faith    .     (helmet restricted)
rPois  +         Spirit   .     (no amulet)
rElec  .         Dismiss  .     h - +2 ring of evasion
rCorr  .         Reflect  .     r - ring of protection from fire
SustAt .         Harm     .     k - ring of poison resistance
MR     .....                    (no ring)
Stlth  +++++.....               (no ring)
                                (no ring)
                                (no ring)
                                (no ring)

@: not resistant to hostile enchantments, quite stealthy
A: almost no armour, amphibious, 8 rings, constrict 8, camouflage 1, gelatinous
body 1
a: no special abilities


You were on level 5 of the Dungeon.
You were not hungry.

You visited 1 branch of the dungeon, and saw 5 of its levels.
You also visited: Ossuary.

You collected 167 gold pieces.
You spent 99 gold pieces at shops.

Inventory:

Hand Weapons
 a - a +0 short sword
 e - a +0 hunting sling
 m - a +3 dagger (weapon)
Missiles
 o - 59 stones (quivered)
Armour
 B - a +0 shield (worn)
Jewellery
 h - a +2 ring of evasion (left tentacle)
 k - a ring of poison resistance (on tentacle)
 r - a ring of protection from fire (right tentacle)
Wands
 b - a wand of flame (0/48)
 c - a wand of enslavement (12/24)
 d - a wand of random effects (24/48)
 n - a wand of fireball (5/15)
 w - a wand of hasting (2/9)
Scrolls
 i - a scroll of identify
 l - 2 scrolls of amnesia
 t - 2 scrolls of enchant armour {unknown}
 u - a scroll of noise {unknown}
 v - 2 scrolls of remove curse
 x - 2 scrolls of fog {unknown}
Potions
 p - a potion of poison {unknown}
 q - 3 potions of curing {unknown}
 s - a potion of agility {unknown}
 z - 3 potions of flight {unknown}
Books
 f - an Akashic Record

   Spells                             Type                      Level
   a - Dispersal                      Translocation                6
   b - Malign Gateway                 Summoning/Translocation      7
   c - Disjunction                    Translocation                8
   d - Controlled Blink               Translocation                8
 y - a book of Transfigurations

   Spells                             Type                      Level
   a - Stoneskin                      Transmutation/Earth          2
   b - Irradiate                      Conjuration/Transmutation    5
   c - Statue Form                    Transmutation/Earth          6
   d - Hydra Form                     Transmutation                6
   e - Dragon Form                    Transmutation                7
Comestibles
 g - 3 meat rations
 j - a beef jerky
 A - 2 chunks of flesh


   Skills:
 - Level 1.0 Fighting
 - Level 1.0 Short Blades
 * Level 4.8 Dodging
 * Level 6.9 Stealth
 * Level 0.0 Shields
 + Level 4.7 Evocations


You couldn't memorise any spells.
You knew the following spells:

 Your Spells              Type           Power        Failure   Level  Hunger
a - Statue Form           Trmt/Erth      #........    100%        6    #######


Dungeon Overview and Level Annotations

Branches:
Dungeon (5/15)
 Temple: D:4-7

Altars:
Dithmenos
The Shining One

Shops:
D:4 :   D:5 [

Annotations:
D:5 Pikel


Innate Abilities, Weirdness & Mutations

You cannot wear most types of armour.
You are amphibious.
You can wear up to eight rings at the same time.
You can use your tentacles to constrict eight enemies at once.
Your skin changes colour to match your surroundings (Stealth).
Your rubbery body absorbs attacks (AC +1).


Message History

You block its attack.
Pikel appears from thin air!
Reactivating autopickup.
Evoke which item? (* to show all) (? for menu, Esc to quit)
Zapping:
d - a wand of random effects (25/48)
Press: ? - help, Shift-Dir - straight line, f/p - Pikel
Aim: Pikel, wielding a whip of freezing and wearing a robe (severely wounded) Pikel flickers and vanishes!
Deactivating autopickup; reactivate with Ctrl-A.
This wand has 24 charges left.
The slave shouts!
Something hits you! Something freezes you.
* * * LOW HITPOINT WARNING * * *
You block the slave's attack. The slave misses you. Something hits you.
* * * LOW HITPOINT WARNING * * *
Something freezes you.
* * * LOW HITPOINT WARNING * * *
The slave hits you!
You die...

#<..### #...#
#.....#####...# #
#........##...##.
#................
#...J####.J....#
#...## ###...##
##.p.# ##...#
##p{.## #....##
##.@p..# #.....#
#...p..## #.....##
#.......### #(.....#
#.........###J...#..
#.......>......#####
##............##
##............##
##...#........##
##.............#


You could see 4 slaves and an ooze.

Vanquished Creatures
  2 wraiths (Ossuary)
  2 wights (Ossuary)
  An iguana (D:5)
  A worker ant (D:4)
  2 adders (D:4)
  An adder zombie (Ossuary)
  A giant gecko (D:3)
  5 orcs (D:4)
  2 hobgoblins
  2 jackals (D:3)
  A quokka (D:4)
  2 ball python skeletons (Ossuary)
  3 bats
  A giant newt (D:1)
  A hobgoblin skeleton (Ossuary)
  A hobgoblin zombie (Ossuary)
  3 kobolds (D:1)
  A kobold zombie (Ossuary)
  2 orc skeletons (Ossuary)
  An orc zombie (Ossuary)
  A rat (D:2)
36 creatures vanquished.

Vanquished Creatures (others)
  A worker ant (D:4)
1 creature vanquished.

Grand Total: 37 creatures vanquished

Notes
Turn   | Place    | Note
--------------------------------------------------------------
     0 | D:1      | M4edhros the Octopode Artificer began the quest for the Orb.
     0 | D:1      | Reached XP level 1. HP: 13/13 MP: 3/3
   229 | D:2      | Reached XP level 2. HP: 16/18 MP: 4/4
   284 | D:3      | Found a shadowy altar of Dithmenos.
   393 | D:4      | Noticed an ogre
   507 | D:4      | Reached XP level 3. HP: 11/23 MP: 5/5
   577 | D:4      | Reached XP level 4. HP: 7/28 MP: 6/6
   648 | D:4      | Found a sand-covered staircase.
   703 | D:4      | Found a glowing golden altar of the Shining One.
   805 | Ossuary  | Entered an ossuary
   857 | Ossuary  | Reached skill level 4 in Stealth
   895 | Ossuary  | Noticed a wraith
   895 | Ossuary  | Noticed a flying skull
   906 | Ossuary  | Noticed a flying skull
   952 | Ossuary  | Noticed a wraith
  1017 | Ossuary  | Killed a wraith
  1017 | Ossuary  | Reached skill level 5 in Stealth
  1017 | Ossuary  | Reached XP level 5. HP: 20/33 MP: 6/8
  1079 | Ossuary  | Reached XP level 6. HP: 14/38 MP: 9/9
  1175 | Ossuary  | Noticed a flying skull
  1424 | Ossuary  | Noticed a wraith
  1430 | Ossuary  | Killed a wraith
  1430 | Ossuary  | Reached skill level 6 in Stealth
  1430 | Ossuary  | Reached XP level 7. HP: 16/43 MP: 10/10
  1438 | Ossuary  | Noticed a flying skull
  1561 | D:4      | Found Hugigg's Book Emporium.
  1583 | D:4      | Learned a level 6 spell: Statue Form
  1736 | D:5      | Entered Level 5 of the Dungeon
  1837 | D:5      | Found Ipuziof's Antique Armour Emporium.
  1864 | D:5      | Bought a shield for 99 gold pieces
  1895 | D:5      | Noticed Pikel
  1960 | D:5      | Slain by a slave

Vault maps used:
D:1:      elethiomel_arrival_quiet, minmay_misc_feat_pillars, minmay_hedge_maze
D:2:      grunt_pakellas_basics
D:3:      grunt_temple_overflow_lords_of_destruction,
          nicolae_dithmenos_shadow_blocks, portal_sewer_entry_b, st_stairs_6,
          uniq_sigmund
D:4:      forest_paths, lemuel_doored_altar,
          nicolae_ossuary_entry_false_entrances, serial_shops,
          nicolae_shop_trees
D:5:      minmay_temple_entry_purple_smoke, serial_shops,
          nicolae_shop_overgrown_old_shop, first_bread, hangedman_decor_growths,
          uniq_pikel
Ossuary:  ossuary_due_cavern

Action                   |  1- 3 |  4- 6 |  7- 9 || total
-------------------------+-------+-------+-------++-------
Melee: Short sword       |    24 |       |       ||    24
       Dagger            |    16 |    27 |    10 ||    53
Evoke: Wand              |     6 |    15 |    14 ||    35
  Use: Scroll            |     5 |     1 |       ||     6
 Stab: Sleeping          |     3 |     9 |     1 ||    13
  Eat: Bread ration      |       |       |     1 ||     1
